 Dungeon Crawl Stone Soup version 0.31-a0-426-g3a05650e59 (webtiles) character file.

Game seed: 8020716302802261897

175029 Pooter the Marksminotaur (level 17, -1/166 HPs)
             Began as a Minotaur Berserker on July 29, 2023.
             Was a High Priest of Trog.
             Succumbed to a black mamba's poison
             ... on level 3 of the Lair of Beasts on July 30, 2023.
             The game lasted 02:54:29 (41299 turns).

Pooter the Marksminotaur (Minotaur Berserker)      Turns: 41299, Time: 02:54:30

Health: -1/166     AC: 31    Str: 28    XL:     17   Next: 46%
Magic:  12/16      EV:  9    Int:  8    God:    Trog [*****.]
Gold:   180        SH:  5    Dex: 21    Spells: 16/16 levels left

rFire   . . .        a - +4 dire flail (heavy)
rCold   + . .        (shield currently unavailable)
rNeg    . . .        l - +8 plate armour
rPois   +            M - +2 hat
rElec   .            n - +2 cloak {rPois}
rCorr   .            (no gloves)
SInv    .            g - +1 pair of boots of Peek-a-Boo {Will+ Int-4 Dex+8}
Will    ++...        G - amulet "Ynuavece" {Reflect Int+6 SH+5} Stlth
                     I - ring "Vonumuant" {rC+ Str+3 Slay+4}
HPRegen 0.47/turn    P - +4 ring of slaying
MPRegen 0.15/turn

%: reflection
@: lethally poisoned (-1 -> -20), on berserk cooldown, slowed, very slow
A: horns 2, retaliatory headbutt
a: Renounce Religion, Berserk, Trog's Hand, Brothers in Arms


You were on level 3 of the Lair of Beasts.
You worshipped Trog.
Trog was extremely pleased with you.
You visited 5 branches of the dungeon, and saw 26 of its levels.
You also visited: Gauntlet and Ice Cave.

You collected 2923 gold pieces.
You spent 2743 gold pieces at shops.

Inventory:

Hand Weapons
 a - a +4 heavy dire flail (weapon)
   (You took it off a minotaur in a Gauntlet)
 b - a +3 triple crossbow of freezing
   (You found it in an ice cave)
 d - the +11 battleaxe of the Stopping Sybil {protect, Contam +Blink rPois Dex+3}
   (You found it on level 5 of the Lair of Beasts)

   Dex:       It affects your dexterity (+3).
   rPois:     It protects you from poison.
   +Blink:    It lets you blink.
   Contam:    It causes magical contamination when unequipped.
 q - a +2 dire flail of holy wrath
   (You took it off a two-headed ogre on level 15 of the Dungeon)
 r - a +9 antimagic dire flail
   (Trog gifted it to you on level 2 of the Elven Halls)
Missiles
 m - 4 curare-tipped darts
 z - 9 datura-tipped darts
 L - 3 darts of dispersal {!f}
 U - 16 boomerangs (quivered)
 V - 10 javelins
Armour
 g - the +1 pair of boots of Peek-a-Boo (worn) {Will+ Int-4 Dex+8}
   (You found it in a Gauntlet)

   Int:       It affects your intelligence (-4).
   Dex:       It affects your dexterity (+8).
   Will:      It increases your willpower.
 l - a +8 plate armour (worn)
   (You found it on level 2 of the Dungeon)
 n - a +2 cloak of poison resistance (worn)
   (You took it off Crazy Yiuf on level 2 of the Dungeon)
 M - a +2 hat (worn)
   (You found it on level 9 of the Dungeon)
 W - the +1 pair of gloves "Lemumen" {Harm rF- rN+ Dex+3}
   (You found it in a Gauntlet)

   Dex:       It affects your dexterity (+3).
   rF:        It makes you vulnerable to fire.
   rN:        It protects you from negative energy.
   Harm:      It increases damage dealt and taken.
Jewellery
 y - a +6 ring of dexterity
   (You found it on level 4 of the Dungeon)
 C - a ring of resist corrosion
   (You took it off a deep elf pyromancer on level 1 of the Elven Halls)
 G - the amulet "Ynuavece" (around neck) {Reflect Int+6 SH+5}
   (You took it off an orc priest on level 1 of the Elven Halls)

   [amulet of reflection]

   It reflects blocked missile attacks.
   Int:       It affects your intelligence (+6).
   SH:        It affects your SH (+5).
 I - the ring "Vonumuant" (left hand) {rC+ Str+3 Slay+4}
   (You bought it in a shop on level 2 of the Orcish Mines)

   [ring of slaying]

   Str:       It affects your strength (+3).
   Slay:      It affects your accuracy & damage with ranged weapons and melee
   (+4).
   rC:        It protects you from cold.
 P - a +4 ring of slaying (right hand)
   (You found it on level 15 of the Dungeon)
 Q - the ring "Juhaism" {rPois rN+ Stlth+}
   (You found it on level 5 of the Lair of Beasts)

   [ring of positive energy]

   rPois:     It protects you from poison.
   rN:        It protects you from negative energy.
   Stlth:     It makes you more stealthy.
 R - a +5 ring of evasion
   (You found it on level 1 of the Lair of Beasts)
 S - a ring of see invisible
   (You found it on level 3 of the Dungeon)
 X - a +4 ring of protection
   (You took it off a minotaur in a Gauntlet)
Wands
 f - a wand of flame (49)
   (You found it on level 4 of the Lair of Beasts)
 s - a wand of polymorph (17)
   (You found it on level 9 of the Dungeon)
 u - a wand of paralysis (15)
   (You found it on level 2 of the Lair of Beasts)
 x - a wand of acid (17)
   (You took it off an orc on level 6 of the Dungeon)
 D - a wand of digging (16)
   (You found it on level 5 of the Lair of Beasts)
 O - a wand of roots (24)
   (You bought it in a shop on level 10 of the Dungeon)
Scrolls
 e - a scroll of summoning
 h - a scroll of fog
 i - 4 scrolls of identify {@r1}
 t - 7 scrolls of teleportation {@r4}
 w - 3 scrolls of poison
 B - 3 scrolls of blinking
 H - 5 scrolls of vulnerability {!r}
 N - a scroll of silence
 T - a scroll of noise {!r}
 Y - 6 scrolls of revelation
 Z - 3 scrolls of immolation {!r}
Potions
 c - 5 potions of curing {@q1}
 j - 9 potions of heal wounds {@q2}
 k - a potion of resistance
 p - 2 potions of ambrosia
 v - a potion of attraction {!q}
 A - 7 potions of enlightenment
 E - 4 potions of lignification {!q}
 F - 3 potions of mutation {!q}
 J - a potion of invisibility
 K - 2 potions of haste {@q3}
Miscellaneous
 o - a phantom mirror
   (You found it on level 3 of the Lair of Beasts)


   Skills:
 + Level 18.6 Fighting
 + Level 16.7(18.9) Axes
 - Level 14.8(18.0) Maces & Flails
 * Level 20.9 Ranged Weapons
 - Level 11.9 Armour
 - Level 2.1 Dodging
 - Level 1.2 Stealth


You had 16 spell levels left.
You didn't know any spells.
Your spell library was empty.

Dungeon Overview and Level Annotations

Branches:
Dungeon (15/15) Zot: 25143  Temple (0/1) D:4            Lair (5/5) D:10 Zot: 22047
 Shoals (0/4) Lair:3        Snake (1/4) Lair:3 Zot: 5990   Slime (0/5) Lair:5
    Orc (2/2) D:11 Zot: 9956     Elf (3/3) Orc:2 Zot: 9553  Vaults (0/5) D:14
 Depths (0/4) D:15          IceCv (visited)         Gauntlet (visited)

Altars:
Ashenzari
Dithmenos
Gozag
Hepliaklqana
Kikubaaqudgha
Makhleb
Ru
Trog
Uskayaw
Xom
Zin
Jiyva

Shops:
D:10 *   Orc:2 **!=   Elf:1 (   Elf:3 =

Annotations:
D:13 2 transporters, bronco's ghost, journeyman FeSh
Orc:2 1 runed translucent door, exclusion: 4 orange crystal statues
Elf:2 3 runed translucent doors


Innate Abilities, Weirdness & Mutations

You have a pair of horns on your head.
You reflexively headbutt those who attack you in melee.


Message History

You barely miss the shock serpent. You block the shock serpent's attack.
The black mamba barely misses you. You furiously retaliate!
You headbutt the black mamba!
The black mamba bites you but does no damage.
The shock serpent shoots out a bolt of lightning at you!
The bolt of electricity hits you!! The black mamba bites you!
You are poisoned.
The black mamba poisons you! The black mamba bites you.
The shock serpent bites you!
* * * LOW HITPOINT WARNING * * *
The shock serpent shocks you!
* * * LOW HITPOINT WARNING * * *
You sock the shock serpent! Your headbutt misses the shock serpent.
You feel very sick.
The black mamba bites you but does no damage.
The black mamba bites you!
* * * LOW HITPOINT WARNING * * *
The black mamba closely misses you. The black mamba bites you.
* * * LOW HITPOINT WARNING * * *
The shock serpent bites you!
* * * LOW HITPOINT WARNING * * *
The shock serpent shocks you!
* * * LOW HITPOINT WARNING * * *
You block the black mamba's attack.
The black mamba bites you but does no damage.
You block the shock serpent's attack.
Unknown command.
You skewer the shock serpent like a kebab!!!
You kill the shock serpent!
Trog accepts your kill.
The air sparks with electricity, shocking you!
* * * LOW HITPOINT WARNING * * *
You feel very sick. You block the black mamba's attack.
The black mamba completely misses you. You furiously retaliate!
You headbutt the black mamba!!
You kill the black mamba!
Trog accepts your kill. You block the black mamba's attack.
You miss the black mamba. You headbutt the black mamba.
You feel very sick. You block the black mamba's attack. x2
The black mamba bites you but does no damage.
You puncture the black mamba!
You feel sick. The black mamba bites you.
* * * LOW HITPOINT WARNING * * *
The black mamba bites you!
* * * LOW HITPOINT WARNING * * *
You are lethally poisoned!
The black mamba poisons you!
You barely miss the black mamba. Your headbutt misses the black mamba.
You die...

............##....#.......#..##
.......##...##...#.......##..##
.......##.........#......##...#
P......#######....#.###..#....#
.......#P.#####...#####.#.#..P##
......[.....#.......#..........#
............#.......#........###
................S..).......<..#
................@..).[........#
.............................##
##..........#.......######...##
#P...#####..#.......####.#....#
.....##########...###........##
.#...##......##....#......#...#
#....##......##..............##
##...#.......##....##........#
#...##......##....##....#...#


You could see a black mamba.

Vanquished Creatures
  A lich (IceCv)
  Gastronok (Lair:2)
  Kirke (D:14)
  An azure jelly (Lair:5)
  An orc warlord (Elf:1)
  A deep elf elementalist (Elf:3)
  2 very ugly things
  2 deep elf demonologists (Elf:3)
  A minotaur (Gauntlet)
  A dire elephant (Lair:5)
  An entropy weaver (shapeshifter) (D:13)
  Josephine (D:10)
  Fannar (D:11)
  2 hydras
  A deep elf high priest (Elf:1)
  Erolcha (Orc:2)
  A boulder beetle (D:14)
  2 ice dragons (D:15)
  An anaconda (Snake:1)
  3 centaur warriors
  18 two-headed ogres
  A catoblepas (Gauntlet)
  3 ogre magi
  2 caustic shrike simulacra (IceCv)
  Urug (D:10)
  A tengu warrior (D:13)
  8 death yaks
  A shock serpent (Lair:3)
  14 dancing weapons
  2 orc high priests (Elf:1)
  5 deep elf knights
  3 skeletal warriors (D:15)
  A skyshark (Lair:1)
  2 spectral death yaks (Lair:5)
  2 deep trolls (Orc:2)
  Amaemon (D:9)
  A spectral anaconda (Lair:5)
  6 bog bodies (IceCv)
  A naga ritualist (Lair:3)
  3 wizards
  6 deep elf archers
  28 deep elf pyromancers
  2 obsidian statues
  4 necromancers
  Pikel (D:8)
  A wolf spider (Gauntlet)
  3 orc knights
  2 mana vipers
  20 deep elf zephyrmancers
  21 ugly things
  An orc sorcerer (Orc:1)
  7 manticores
  5 cyclopes
  2 moths of wrath
  5 black mambas
  20 elephants
  Joseph (D:10)
  2 torpor snails
  A molten gargoyle (Gauntlet)
  2 gargoyles (Gauntlet)
  21 cane toads
  An orange demon (D:9)
  Maggie (D:6)
  Psyche (D:8)
  An unseen horror (D:7)
  2 rime drakes
  14 komodo dragons
  3 efreet
  3 kobold demonologists
  15 freezing wraiths
  An anaconda simulacrum (IceCv)
  3 ice devils
  3 meliai (D:15)
  A red devil (D:10)
  5 polar bears
  16 trolls
  12 blink frogs
  A hornet (Lair:2)
  9 dream sheep
  4 slime creatures (D:12)
  4 shadows
  A spriggan (D:9)
  3 air elementals
  A vampire (D:14)
  6 dire elephant simulacra
  5 wraiths
  3 basilisks
  A wyvern (D:6)
  4 hogs (D:14)
  5 fire elementals
  Grum (D:11)
  63 yaks
  The ghost of AwFulAwFulPlayer the Chopper, an amateur DsCK of Xom (D:4)
  A death yak simulacrum (Lair:5)
  A steam dragon (D:10)
  4 redbacks (Gauntlet)
  4 minotaur simulacra (IceCv)
  13 vampire mosquitoes
  A warg (Orc:2)
  3 harpy simulacra (IceCv)
  Edmund (D:6)
  3 nagas (Lair:3)
  4 swamp worms (Lair:4)
  An acid dragon (D:10)
  18 water moccasins
  2 hydra simulacra (IceCv)
  2 elephant zombies (Lair:5)
  29 orc warriors
  3 alligator simulacra (IceCv)
  An ice beast (D:6)
  An ettin simulacrum (IceCv)
  3 black bears
  A sky beast (D:8)
  22 wolves
  An elephant skeleton (Lair:5)
  22 ogres
  5 centaurs
  7 bullfrogs
  6 kobold brigands
  Blork the orc (D:6)
  An earth elemental (Elf:2)
  3 scorpions
  A gnoll sergeant (D:7)
  A deep troll simulacrum (IceCv)
  12 wights
  An elephant simulacrum (Lair:5)
  4 lindwurm simulacra (IceCv)
  17 killer bees
  9 howler monkeys
  An electric eel (Lair:3)
  5 quasits
  4 hounds
  A jelly (D:7)
  Crazy Yiuf (D:2)
  A gnoll bouda (D:6)
  25 orc priests
  A sleepcap (D:7)
  5 iguanas
  18 orc wizards
  Natasha (twice) (D:2)
  8 gnolls
  8 adders
  2 shadow imps
  2 white imps (D:7)
  An ufetubus (D:6)
  2 dart slugs (D:4)
  91 orcs
  3 bats
  6 endoplasms
  2 giant cockroaches (D:4)
  5 goblins
  4 hobgoblins
  2 quokkas
  9 ball pythons
  3 frilled lizards
  22 kobolds
  7 rats
901 creatures vanquished.

Vanquished Creatures (others)
  2 deep elf knights (Elf:2)
  A deep elf pyromancer (Elf:2)
  A water elemental (Elf:2)
4 creatures vanquished.

Grand Total: 905 creatures vanquished

Notes
Turn   | Place    | Note
-------+----------+-------------------------------------------
     0 | D:1      | Pooter the Minotaur Berserker began the quest for the Orb.
     0 | D:1      | Reached XP level 1. HP: 19/19 MP: 0/0
   275 | D:1      | Reached XP level 2. HP: 27/27 MP: 1/1
   363 | D:1      | Reached skill level 1 in Stealth
   725 | D:2      | Found a faded altar of an unknown god.
   734 | D:2      | Reached XP level 3. HP: 33/33 MP: 2/2
   745 | D:2      | Reached skill level 1 in Ranged Weapons
   910 | D:2      | Noticed Natasha
   922 | D:2      | Killed Natasha
   923 | D:2      | Reached XP level 4. HP: 12/40 MP: 3/3
  1183 | D:2      | Noticed Natasha
  1192 | D:2      | Killed Natasha
  1193 | D:2      | Reached skill level 2 in Ranged Weapons
  1454 | D:2      | Found a runed translucent door.
  1455 | D:2      | Noticed Crazy Yiuf
  1464 | D:2      | Killed Crazy Yiuf
  1465 | D:2      | Reached skill level 5 in Axes
  1565 | D:3      | Reached ** piety under Trog
  1571 | D:3      | Found a bloodstained altar of Trog.
  1582 | D:3      | Reached XP level 5. HP: 47/47 MP: 4/4
  1669 | D:3      | You fall into a shaft and drop 2 floors!
  1669 | D:5      | Entered Level 5 of the Dungeon
  1959 | D:5      | Reached skill level 3 in Ranged Weapons
  2068 | D:4      | Reached XP level 6. HP: 55/55 MP: 5/5
  2171 | D:4      | Identified the +4 short sword "Newt's Death Toll" {protect,
                  | Str-5 Dex+9}
  2225 | D:4      | Reached skill level 5 in Fighting
  2240 | D:4      | Reached skill level 4 in Ranged Weapons
  2365 | D:4      | Reached XP level 7. HP: 61/61 MP: 6/6
  2403 | D:4      | Found a staircase to the Ecumenical Temple.
  2442 | D:4      | Found a transporter.
  2581 | D:4      | Noticed AwFulAwFulPlayer's ghost (amateur DsCK)
  2590 | D:4      | Found a transporter.
  2648 | D:4      | Reached skill level 5 in Ranged Weapons
  2654 | D:4      | Killed AwFulAwFulPlayer's ghost
  3395 | D:5      | Reached skill level 6 in Ranged Weapons
  3395 | D:5      | Reached XP level 8. HP: 70/70 MP: 7/7
  3934 | D:6      | Reached skill level 7 in Ranged Weapons
  4097 | D:6      | Noticed Blork the orc
  4101 | D:6      | Killed Blork the orc
  4134 | D:6      | Noticed Edmund
  4146 | D:6      | Killed Edmund
  4230 | D:6      | Reached XP level 9. HP: 67/79 MP: 8/8
  4244 | D:6      | Reached skill level 8 in Ranged Weapons
  4286 | D:6      | Noticed Maggie
  4291 | D:6      | Killed Maggie
  4292 | D:6      | Reached skill level 10 in Axes
  4644 | D:7      | Reached skill level 1 in Maces & Flails
  4678 | D:7      | Reached *** piety under Trog
  5152 | D:7      | Reached skill level 9 in Ranged Weapons
  6835 | D:7      | Noticed an unseen horror
  6845 | D:7      | Killed an unseen horror
  6963 | D:6      | Noticed a two-headed ogre
  6966 | D:6      | Reached skill level 5 in Maces & Flails
  6970 | D:6      | Killed a two-headed ogre
  6971 | D:6      | Reached XP level 10. HP: 88/90 MP: 9/9
  7057 | D:7      | Reached skill level 10 in Ranged Weapons
  7534 | D:8      | Noticed Psyche
  7540 | D:8      | Killed Psyche
  8032 | D:8      | Found a hide-covered altar of Uskayaw.
  8622 | D:8      | Noticed Pikel
  8628 | D:8      | Killed Pikel
  8947 | D:8      | Reached skill level 11 in Ranged Weapons
  9346 | D:9      | Reached XP level 11. HP: 97/97 MP: 10/10
  9540 | D:9      | Reached skill level 5 in Armour
 10010 | D:9      | Noticed Amaemon
 10018 | D:9      | Killed Amaemon
 10022 | D:9      | Reached skill level 10 in Fighting
 10065 | D:9      | Found a hazy altar of Hepliaklqana.
 10070 | D:9      | Found a glowing silver altar of Zin.
 10070 | D:9      | Found a sacrificial altar of Ru.
 10071 | D:9      | Found an ancient bone altar of Kikubaaqudgha.
 10073 | D:9      | Found a shimmering altar of Xom.
 10075 | D:9      | Found an opulent altar of Gozag.
 10577 | D:10     | Entered Level 10 of the Dungeon
 10629 | D:10     | Reached **** piety under Trog
 10644 | D:10     | Noticed Josephine
 10648 | D:10     | Reached skill level 12 in Ranged Weapons
 10652 | D:10     | Killed Josephine
 10734 | D:10     | Reached skill level 10 in Maces & Flails
 10986 | D:10     | Found a staircase to the Lair.
 11140 | D:10     | Noticed Joseph
 11142 | D:10     | Found Myexugun's Demolitions Depot.
 11153 | D:10     | Killed Joseph
 11220 | D:10     | Bought a wand of roots (7) for 218 gold pieces
 11220 | D:10     | Bought a wand of roots (5) for 156 gold pieces
 11719 | D:10     | Noticed Urug
 11734 | D:10     | Killed Urug
 11806 | D:10     | Found a burning altar of Makhleb.
 11806 | D:10     | Found a shadowy altar of Dithmenos.
 11958 | Lair:1   | Entered Level 1 of the Lair of Beasts
 12112 | Lair:1   | Reached XP level 12. HP: 96/108 MP: 9/11
 12173 | Lair:1   | Noticed a five-headed hydra
 12183 | Lair:1   | Killed a five-headed hydra
 12184 | Lair:1   | Reached skill level 13 in Ranged Weapons
 13629 | Lair:2   | Noticed Gastronok
 13638 | Lair:2   | Killed Gastronok
 13639 | Lair:2   | Reached skill level 14 in Ranged Weapons
 14001 | Lair:2   | Noticed a death yak
 14002 | Lair:2   | Noticed a death yak
 14002 | Lair:2   | Noticed a death yak
 14003 | Lair:2   | Noticed a death yak
 14003 | Lair:2   | Noticed a death yak
 14003 | Lair:2   | Noticed a death yak
 14017 | Lair:1   | Killed a death yak
 14018 | Lair:1   | Killed a death yak
 14273 | Lair:1   | Killed a death yak
 14274 | Lair:1   | Reached XP level 13. HP: 89/118 MP: 8/12
 14716 | Lair:3   | Found a staircase to the Shoals.
 14761 | Lair:3   | Found a gate leading to a gauntlet.
 14781 | Gauntlet | Entered a Gauntlet
 14781 | Gauntlet | Found a transporter.
 14781 | Gauntlet | Found a transporter.
 14787 | Gauntlet | Found a transporter.
 14800 | Gauntlet | Found a transporter.
 14809 | Gauntlet | Found a transporter.
 14833 | Gauntlet | Found a transporter.
 15220 | Gauntlet | Identified the +1 pair of gloves "Lemumen" {Harm rF- rN+
                  | Dex+3}
 15240 | Gauntlet | Found a transporter.
 15242 | Gauntlet | Found a transporter.
 15250 | Gauntlet | Found a transporter.
 15410 | Gauntlet | Found a transporter.
 15410 | Gauntlet | Found the +10 dark maul {heavy}
 15416 | Gauntlet | Identified the +1 pair of boots of Peek-a-Boo {Will+ Int-4
                  | Dex+8}
 15433 | Gauntlet | Found the +7 captain's cutlass {speed, disarm}
 15433 | Gauntlet | Noticed a minotaur
 15448 | Gauntlet | Killed a minotaur
 15786 | Lair:3   | Reached skill level 10 in Armour
 16273 | Lair:3   | Found a staircase to the Snake Pit.
 17066 | Lair:4   | Reached XP level 14. HP: 115/132 MP: 11/13
 17414 | Lair:4   | You fall into a shaft and drop 1 floor!
 17414 | Lair:5   | Entered Level 5 of the Lair of Beasts
 17975 | Lair:5   | Reached ***** piety under Trog
 18820 | Lair:5   | Found a runed translucent door.
 18821 | Lair:5   | Found a viscous altar of Jiyva.
 18822 | Lair:5   | Noticed an azure jelly
 18823 | Lair:5   | Found a staircase to the Slime Pits.
 18832 | Lair:5   | Killed an azure jelly
 19284 | Lair:5   | Reached skill level 15 in Ranged Weapons
 19615 | Lair:5   | Received a gift from Trog
 19839 | Lair:5   | Reached skill level 15 in Fighting
 19999 | Lair:5   | Identified the +11 battleaxe of the Stopping Sybil
                  | {protect, Contam +Blink rPois Dex+3}
 20037 | Lair:5   | Identified the ring "Juhaism" {rPois rN+ Stlth+}
 20468 | D:11     | Noticed Fannar
 20478 | D:11     | Killed Fannar
 20572 | D:11     | Noticed Grum
 20583 | D:11     | Killed Grum
 20900 | D:11     | Found a staircase to the Orcish Mines.
 22114 | Orc:1    | Entered Level 1 of the Orcish Mines
 22268 | Orc:1    | Reached skill level 16 in Ranged Weapons
 22454 | Orc:1    | Reached XP level 15. HP: 141/141 MP: 14/14
 22782 | Orc:2    | Entered Level 2 of the Orcish Mines
 22817 | Orc:2    | Noticed Erolcha
 22824 | Orc:2    | Killed Erolcha
 22858 | Orc:2    | Found a runed translucent door.
 22865 | Orc:2    | Found the +10 tower shield of Ignorance {rN+ Int-4}
 23037 | Orc:2    | Found a runed translucent door.
 23263 | Orc:2    | Found Nidiyrgh's Jewellery Boutique.
 23337 | Orc:2    | Found Lautiheu's General Store.
 23338 | Orc:2    | Found Boig's General Store.
 23345 | Orc:2    | Bought a wand of paralysis (6) for 216 gold pieces
 23345 | Orc:2    | Bought a wand of paralysis (4) for 144 gold pieces
 23345 | Orc:2    | Bought a scroll of revelation for 112 gold pieces
 23348 | Orc:2    | Found Kisch's Distillery.
 23351 | Orc:2    | Bought a potion of mutation for 128 gold pieces
 23351 | Orc:2    | Bought a scroll of enchant weapon for 120 gold pieces
 23359 | Orc:2    | Bought a potion of heal wounds for 65 gold pieces
 23359 | Orc:2    | Bought a potion of heal wounds for 65 gold pieces
 23359 | Orc:2    | Bought a potion of heal wounds for 65 gold pieces
 23359 | Orc:2    | Bought a potion of curing for 39 gold pieces
 23359 | Orc:2    | Bought a potion of curing for 39 gold pieces
 23454 | Orc:2    | Found a staircase to the Elven Halls.
 23961 | D:12     | Received a gift from Trog
 24180 | D:12     | Reached skill level 17 in Ranged Weapons
 24335 | D:12     | Upgraded the game from 0.31-a0-408-gb642c7f9a3 to
                  | 0.31-a0-426-g3a05650e59
 26356 | D:13     | Noticed bronco's ghost (journeyman FeSh)
 26358 | D:13     | Found a bloodstained altar of Trog.
 26363 | D:13     | Found a transporter.
 26399 | D:13     | Found a transporter.
 26785 | D:14     | Found a frozen archway.
 27354 | IceCv    | Entered an ice cave
 28553 | IceCv    | Found an ancient bone altar of Kikubaaqudgha.
 28559 | IceCv    | Reached skill level 18 in Ranged Weapons
 28763 | IceCv    | Reached XP level 16. HP: 152/152 MP: 15/15
 28903 | IceCv    | Noticed a lich
 28907 | IceCv    | Killed a lich
 28907 | IceCv    | Received a gift from Trog
 29086 | IceCv    | Identified the ring of Qatucs {rN+ Int+7 Slay-2}
 29998 | D:14     | Found a gate to the Vaults.
 30167 | D:14     | Reached skill level 15 in Axes
 30396 | D:14     | Noticed Kirke
 30397 | D:14     | Noticed a sphinx
 30406 | D:14     | Killed Kirke
 30710 | D:15     | Entered Level 15 of the Dungeon
 30824 | D:15     | Paralysed by an ogre mage for 4 turns
 30835 | D:15     | Reached skill level 19 in Ranged Weapons
 31739 | D:15     | Found a broken altar of Ashenzari.
 31935 | D:15     | Found a staircase to the Depths.
 32536 | Elf:1    | Entered Level 1 of the Elven Halls
 35064 | Orc:2    | Bought the ring "Vonumuant" {rC+ Str+3 Slay+4} for 1376
                  | gold pieces
 35362 | Elf:1    | Identified the amulet "Ynuavece" {Reflect Int+6 SH+5}
 35581 | Elf:1    | Found Bitiob's Weapon Emporium.
 36332 | Elf:2    | Reached skill level 20 in Ranged Weapons
 36680 | Elf:2    | Reached XP level 17. HP: 163/163 MP: 16/16
 37105 | Elf:2    | Received a gift from Trog
 37438 | Elf:2    | Paralysed by an air elemental for 1 turns
 37769 | Elf:2    | Paralysed by an air elemental for 1 turns
 37773 | Elf:2    | Paralysed by an air elemental for 1 turns
 37776 | Elf:2    | Paralysed by an air elemental for 1 turns
 38564 | Elf:2    | Found a runed translucent gate.
 38565 | Elf:2    | Found a runed translucent gate.
 38565 | Elf:2    | Found a runed translucent gate.
 38727 | Elf:3    | Entered Level 3 of the Elven Halls
 39584 | Elf:3    | Found Tuc Duel's Jewellery Shoppe.
 40003 | Elf:3    | Paralysed by an air elemental for 1 turns
 41167 | Snake:1  | Entered Level 1 of the Snake Pit
 41298 | Lair:3   | HP: 6/166 [black mamba[a naga ritualist] (11)]
 41299 | Lair:3   | Succumbed to a black mamba's poison

Illustrated notes

Levels and vault maps discovered:
D:1:      evilmike_arrival_home_sweet_home, layout_loops_ring,
          minmay_misc_feat_plants
D:2:      layout_basic, nicolae_ecumenical_snake_handling, uniq_natasha,
          uniq_crazy_yiuf_cottage
D:3:      layout_rooms, mainiacjoe_overflow_catwalk, kennysheep_generic_room_3
D:4:      layout_rooms, minmay_temple_entry_gardened_gates,
          gammafunk_ghost_stat_death, corexii_hall_statues_i
D:5:      layout_basic, kennysheep_generic_room_13
D:6:      minmay_spotlight, layout_basic, nicolae_the_louvre, uniq_edmund,
          uniq_maggie, uniq_blork_the_orc
D:7:      layout_rooms
D:8:      layout_basic, mainiacjoe_overflow_boulevard, serial_corexii_hall,
          corexii_hall_statues_deadend, chequers_hall_statues_wall_a,
          chequers_hall_statues_y, chequers_hall_statues_y,
          chequers_hall_statues_wall_a, chequers_hall_statues_corner_a,
          uniq_psyche, uniq_pikel
D:9:      layout_basic, minitemple, special_room [special_room_orc],
          the_hattery, uniq_amaemon
D:10:     layout_roguey, gammafunk_temple_overflow_pools, david_lair_shrubbed,
          serial_demonic, serial_demonic_b, serial_demonic_e, serial_demonic_g,
          serial_demonic_g, serial_demonic_e, serial_demonic_f,
          nicolae_blasting_shop, uniq_urug, uniq_joseph, uniq_josephine
D:11:     layout_stronghold, minmay_orc_entry_temple_small, uniq_grum,
          uniq_fannar
D:12:     layout_cave_pools
D:13:     cheibrodos_lost_city_excavation, layout_irregular_city,
          gammafunk_ghost_wrathful_warriors
D:14:     layout_long_grid, david_vaults_1, portal_ice_cave_entry_ugly_swarm,
          columned_hall_lemuel, uniq_kirke
D:15:     grunt_enter_depths_hoard, layout_irregular_city,
          evilmike_ruin_ashenzari
Lair:1:   layout_cave_pods
Lair:2:   layout_hall_layers, uniq_gastronok
Lair:3:   layout_regular_city, minmay_shoals_entry_centaurs,
          minmay_snake_entry_guardpost_small, gauntlet_entry_generic,
          gammafunk_lair_bear_cave
Lair:4:   layout_small_grid, worms_lemuel, grunt_megastairs_5
Lair:5:   due_jungle_book, layout_regular_city, slime_entry_2
Snake:1:  layout_rooms, minmay_shop_star
Orc:1:    layout_caves, hellmonk_bongcloud_opening, nicolae_orc_crystal_geode
Orc:2:    st_orc_open, layout_caves, nicolae_orc_sculptors_studio,
          chequers_guarded_unrand_ignorance, uniq_erolcha
Elf:1:    nicolae_elf_arrival_fired_up, layout_gridlike, special_room
          [special_room_orc], serial_shops, nicolae_shop_bloodbath_and_beyond,
          kennysheep_underground_church
Elf:2:    nicolae_elf_blades_crystal_corner, layout_loops_corners
Elf:3:    minmay_elf_hall_four_x, layout_geoelf_diagonals, serial_corexii_hall,
          corexii_hall_statues_u, corexii_hall_statues_l,
          corexii_hall_statues_x, chequers_hall_statues_wall_a, serial_shops,
          nicolae_shop_tiny_statue_garden

Skill      XL: |  1  2  3  4  5  6  7  8  9 10 11 12 13 14 15 16 |
---------------+-------------------------------------------------+-----
Axes           | 4 5 6 7 9 10 12 14 16 | 16.7
Stealth        | 1 |  1.2
Fighting       | 4 5 6 7 8 9 10 12 14 15 16 18 | 18.6
Ranged Weapons | 1 2 3 4 6 7 9 11 12 14 16 18 20 | 20.9
Maces & Flails | 5 8 10 13 14 | 14.8
Armour         | 4 6 8 11 | 11.9
Dodging        | |  2.1

Action                     |  1- 3 |  4- 6 |  7- 9 | 10-12 | 13-15 | 16-18 || total
---------------------------+-------+-------+-------+-------+-------+-------++-------
  Melee: Mace              |    32 |    79 |     9 |       |       |       ||   120
         Hand axe          |     2 |       |    17 |       |       |       ||    19
         Headbutt          |     3 |    18 |    21 |    80 |   125 |    22 ||   269
         Punch             |     1 |     1 |     1 |     6 |     1 |       ||    10
         Trident           |       |     9 |    59 |       |       |       ||    68
         Quarterstaff      |       |       |    40 |       |       |       ||    40
         Morningstar       |       |       |    63 |   360 |     9 |       ||   432
         Demon whip        |       |       |       |     6 |       |       ||     6
         Battleaxe         |       |       |       |    59 |   166 |       ||   225
         Dire flail        |       |       |       |       |   411 |   124 ||   535
   Fire: Sling             |    14 |       |       |       |       |       ||    14
         Shortbow          |       |    38 |   126 |   135 |    80 |       ||   379
         Triple crossbow   |       |       |       |       |   230 |   275 ||   505
  Throw: Stone             |       |     3 |     2 |       |       |       ||     5
         Boomerang         |       |       |     1 |    10 |     3 |       ||    14
 Invoke: Berserk           |     1 |     4 |     5 |     9 |    15 |     7 ||    41
         Trog's Hand       |       |     3 |     7 |    18 |    23 |     9 ||    60
  Evoke: Wand              |       |       |       |     3 |       |       ||     3
    Use: Scroll            |       |     4 |     7 |     9 |    12 |     8 ||    40
         Potion            |       |       |       |     1 |     6 |     1 ||     8
   Stab: Sleeping          |     2 |       |       |       |       |       ||     2
         Distracted        |       |       |       |       |     1 |       ||     1
 Armour: Animal skin       |     4 |       |       |       |       |       ||     4
         Ring mail         |    14 |       |       |       |       |       ||    14
         Plate armour      |       |    82 |   225 |   422 |   530 |   249 ||  1508
  Dodge: Dodged            |    31 |    50 |   119 |   277 |   536 |   141 ||  1154
  Block: Other             |       |       |       |       |       |    32 ||    32
         Reflection        |       |       |       |       |       |     2 ||     2

Table legend: (Time is in decaauts)
 A = Elapsed time spent in this place.
 B = Non-inter-level travel time spent in this place.
 C = Inter-level travel time spent in this place.
 D = Time resting spent in this place.
 E = Time spent auto-exploring this place.
 F = Levels seen in this place.
 G = Mean time per level.
                   A        B        C        D        E       F      G
               +--------+--------+--------+--------+--------+-----+--------+
         Total |  42272 |  40852 |   1420 |  19993 |  13447 |  28 | 1509.7 |
       Dungeon |  21061 |  20527 |    534 |   9081 |   7860 |  15 | 1404.1 |
          Lair |   7952 |   7713 |    239 |   2662 |   3629 |   5 | 1590.4 |
     Snake Pit |      9 |      9 |      0 |      0 |      0 |   1 |    9.0 |
  Orcish Mines |   2043 |   1820 |    223 |    476 |    904 |   2 | 1021.5 |
   Elven Halls |   8446 |   8024 |    422 |   5803 |    808 |   3 | 2815.3 |
      Ice Cave |   1997 |   1997 |      0 |   1408 |    242 |   1 | 1997.0 |
      Gauntlet |    761 |    761 |      0 |    562 |      3 |   1 |  761.0 |
               +--------+--------+--------+--------+--------+-----+--------+

Top non-repeatable levels by time:
   Elf:1: 3545 daAuts
    D:13: 3502 daAuts
     D:7: 2823 daAuts
   Elf:2: 2654 daAuts
  Lair:5: 2395 daAuts
   Elf:3: 2246 daAuts
   IceCv: 1997 daAuts
  Lair:1: 1921 daAuts
    D:11: 1807 daAuts
     D:8: 1684 daAuts
    D:15: 1546 daAuts
    D:10: 1511 daAuts
     D:9: 1464 daAuts
  Lair:3: 1436 daAuts
   Orc:2: 1316 daAuts
